 Seeded DCSS version 0.29-a0-1016-g236c7fd91e (webtiles) character file.

Game seed: 20220809 (custom seed)

1286 flotson the Trooper (level 8, -10/99 HPs)
             Began as a Demonspawn Delver on Aug 9, 2022.
             Killed from afar by Maggie (17 damage)
             ... with a bolt of fire
             ... on level 7 of the Dungeon.
             The game lasted 00:08:00 (7216 turns).

flotson the Trooper (Demonspawn Delver)             Turns: 7216, Time: 00:08:00

Health: -10/99     AC: 11    Str: 14    XL:     8   Next: 30%
Magic:  8/8        EV: 11    Int: 11    God:
Gold:   430        SH:  0    Dex: 16    Spells: 7/7 levels left

rFire   . . .      SeeInvis .   a - +0 trident
rCold   . . .      Faith    .   (no shield)
rNeg    . . .      Spirit   .   q - +0 scale mail
rPois   .          Reflect  .   (helmet restricted)
rElec   .          Harm     .   y - +0 cloak
rCorr   .          Rampage  .   (no gloves)
Will    +....                   u - +0 pair of boots
Stlth   ..........              (no amulet)
HPRegen 0.26/turn               C - ring of willpower
MPRegen 0.11/turn               (no ring)

@: berserking, very quick
A: antennae 1, rugged brown scales 2, spiny 2
a: no special abilities


You were on level 7 of the Dungeon.
You visited 1 branch of the dungeon, and saw 7 of its levels.

You collected 430 gold pieces.

Inventory:

Hand Weapons
 a - a +0 trident (weapon)
Missiles
 j - 4 javelins (quivered)
 x - 3 atropa-tipped darts
 z - 11 boomerangs
Armour
 q - a +0 scale mail (worn)
 u - a +0 pair of boots (worn)
 y - a +0 cloak (worn)
Jewellery
 C - a ring of willpower (left hand)
Wands
 g - a wand of digging (3)
 t - a wand of flame (12)
Scrolls
 c - a scroll of fog
 d - 3 scrolls of magic mapping
 e - a scroll of fear
 k - 3 scrolls of immolation {unknown}
 l - 3 scrolls of enchant armour {unknown}
 m - 8 scrolls of teleportation {unknown}
 n - a scroll of silence {unknown}
 o - 7 scrolls of identify {unknown}
 p - a scroll of amnesia {unknown}
 s - a scroll of enchant weapon {unknown}
 w - a scroll of blinking {unknown}
 A - a scroll of torment {unknown}
 B - a scroll of noise {unknown}
Potions
 b - 2 potions of curing
 h - a potion of berserk rage
 i - 2 potions of brilliance {unknown}
 r - 2 potions of lignification {unknown}


   Skills:
 + Level 5.4 Fighting
 - Level 1.7 Polearms
 + Level 3.3 Throwing
 + Level 3.9 Armour
 + Level 4.5 Dodging
 - Level 4.5 Stealth
 + Level 4.4 Evocations


You had 7 spell levels left.
You didn't know any spells.
Your spell library contained the following spells:

 Spells                   Type           Power      Damage    Failure   Level
 Sting                    Tmut/Pois      0%         1d3       80%         1
 Poisonous Vapours        Pois/Air       0%         N/A       91%         2
 Corpse Rot               Necr/Pois/Air  0%         N/A       100%        4
 Dispel Undead            Necr           0%         3d6       100%        4
 Olgreb's Toxic Radiance  Pois           0%         N/A       100%        4
 Death Channel            Necr           0%         N/A       100%        6


Dungeon Overview and Level Annotations

Branches:
Dungeon (7/15)
 Temple: D:4-7

Altars:
Okawaru
Qazlal
Sif Muna

Shops:
D:5 (

Annotations:
D:4 2 transporters, flotson's ghost, weakling DsDe
D:7 Maggie


Innate Abilities, Weirdness & Mutations

You have a pair of small antennae on your head.
You are mostly covered in rugged brown scales. (AC +2, +5% HP)
You are mostly covered in sharp spines.


Message History

You hit Maggie but do no damage.
Maggie is severely wounded.
Maggie closely misses you.
Maggie casts a spell.
Maggie attempts to bespell you! You resist with almost no effort.
You closely miss Maggie.
Maggie is severely wounded.
Maggie barely misses you.
You hit Maggie.
Maggie is severely wounded.
Maggie points at you and mumbles some strange words.
The bolt of fire hits you!!
* * * LOW HITPOINT WARNING * * *
It was a potion of curing.
You feel better.
Maggie mumbles some strange words.
Maggie attempts to bespell you!
You easily resist.
It was a potion of heal wounds.
You feel much better.
Maggie points at you and mumbles some strange words.
The bolt of fire hits you!!
* * * LOW HITPOINT WARNING * * *
You feel much better.
Maggie points at you and mumbles some strange words.
The bolt of fire hits you!!
* * * LOW HITPOINT WARNING * * *
You feel better. Maggie is struck by your spines.
Maggie hits you with a +0 halberd.
* * * LOW HITPOINT WARNING * * *
A red film seems to cover your vision as you go berserk!
You feel yourself moving faster!
You feel mighty! Maggie closely misses you.
You closely miss Maggie.
Maggie is severely wounded.
Maggie barely misses you.
You hit Maggie.
Maggie is severely wounded.
Maggie casts a spell.
You closely miss Maggie.
Maggie is severely wounded.
Maggie points at you and mumbles some strange words.
The bolt of fire hits you!
You die...

# #### ... ..#
#..#####.######.
#(..@@..>.......
#.....####.#######
#.#.. #.# #. #.# #
#.# #.#
.######.###
........<.#
#.#####.#.......


You could see Maggie.

Vanquished Creatures
  Prince Ribbit (D:6)
  Grinder (D:3)
  Menkaure (D:5)
  A water moccasin (D:6)
  A centaur (D:5)
  Blork the orc (D:5)
  A necrophage (D:5)
  A scorpion (D:6)
  An orc priest (D:5)
  A jelly (D:6)
  A gnoll bouda (D:6)
  An iguana (D:4)
  Terence (D:2)
  Robin (D:4)
  13 gnolls
  6 adders
  A worm (D:2)
  2 dart slugs
  8 orcs
  6 ball pythons
  8 endoplasms
  A giant cockroach (D:2)
  12 goblins
  9 hobgoblins
  3 jackals (D:1)
  A kobold (D:1)
  2 bats
  4 frilled lizards
  6 rats
96 creatures vanquished.

Vanquished Creatures (others)
  6 plants (D:1)
6 creatures vanquished.

Grand Total: 102 creatures vanquished

Notes
Turn   | Place    | Note
-------+----------+-------------------------------------------
     0 | D:5      | flotson the Demonspawn Delver began the quest for the Orb.
     0 | D:5      | Reached XP level 1. HP: 18/18 MP: 1/1
     8 | D:5      | Noticed Menkaure
   184 | D:4      | Gained mutation: You are partially covered in sharp spines.
                  | [demonic ancestry]
   184 | D:4      | Reached XP level 2. HP: 18/24 MP: 2/2
   402 | D:4      | Found a transporter.
   404 | D:4      | Found a transporter.
   404 | D:4      | Noticed flotson's ghost (weakling DsDe)
   480 | D:4      | Reached skill level 1 in Evocations
   499 | D:4      | Noticed Robin
   506 | D:4      | Killed Robin
   507 | D:4      | Reached skill level 1 in Armour
   507 | D:4      | Gained mutation: You have a pair of small antennae on your
                  | head. [demonic ancestry]
   507 | D:4      | Reached XP level 3. HP: 6/29 MP: 3/3
  1248 | D:1      | Gained mutation: You are partially covered in rugged brown
                  | scales. (AC +1, +3% HP) [demonic ancestry]
  1248 | D:1      | Reached XP level 4. HP: 26/36 MP: 4/4
  1370 | D:1      | Found a faded altar of an unknown god.
  1915 | D:2      | Noticed Terence
  1924 | D:2      | Killed Terence
  2764 | D:2      | Reached XP level 5. HP: 43/43 MP: 5/5
  3411 | D:3      | Noticed Grinder
  3413 | D:3      | Paralysed by Grinder for 5 turns
  3430 | D:3      | Killed Grinder
  3431 | D:3      | Reached skill level 4 in Fighting
  3431 | D:3      | Reached skill level 1 in Throwing
  3431 | D:3      | Reached XP level 6. HP: 16/49 MP: 6/6
  3824 | D:3      | Found an iron altar of Okawaru.
  3824 | D:3      | Found a shimmering blue altar of Sif Muna.
  3948 | D:3      | Found a stormy altar of Qazlal.
  4836 | D:5      | Noticed Blork the orc
  4843 | D:5      | Killed Blork the orc
  5217 | D:5      | HP: 2/50 [Menkaure (14)]
  5219 | D:5      | Killed Menkaure
  5220 | D:5      | Gained mutation: You are mostly covered in sharp spines.
                  | [demonic ancestry]
  5220 | D:5      | Reached XP level 7. HP: 3/56 MP: 7/7
  5997 | D:5      | Found Lazxef's Weapon Shop.
  6173 | D:6      | Reached skill level 5 in Fighting
  6444 | D:6      | Noticed Prince Ribbit
  6454 | D:6      | Killed Prince Ribbit
  6455 | D:6      | Gained mutation: You are mostly covered in rugged brown
                  | scales. (AC +2, +5% HP) [demonic ancestry]
  6455 | D:6      | Reached XP level 8. HP: 6/65 MP: 8/8
  7184 | D:7      | Noticed Maggie
  7208 | D:7      | HP: 1/66 [Maggie/bolt of fire (19)]
  7216 | D:7      | Killed from afar by Maggie

Illustrated notes

Levels and vault maps discovered:
D:1:      mainiacjoe_arrival_reflecting_pool, layout_basic,
          shapermc_ecumenical_altar_venn, serial_bayou_lake_a
D:2:      layout_loops_cross, roderic_roman_lattice, kennysheep_big_empty_room,
          nrook_loot_triangle, uniq_terence
D:3:      layout_basic, gammafunk_temple_overflow_pools,
          mainiacjoe_overflow_surrounded_room, uniq_grinder
D:4:      layout_basic, gammafunk_ghost_mausoleum, serial_bayou_crossing,
          uniq_robin
D:5:      layout_cave_pools, serial_shops, nicolae_shop_crystal, uniq_menkaure,
          uniq_blork_the_orc
D:6:      layout_cave_pools, corexii_checkpoint_b, uniq_prince_ribbit1
D:7:      minmay_bubble_buster, layout_loops_ring,
          minmay_temple_entry_crystal_x, uniq_maggie

Skill      XL: |  1  2  3  4  5  6  7 |
---------------+----------------------+-----
Dodging        | 2 3 4 |  4.5
Evocations     | 1 2 3 4 |  4.4
Armour         | 1 2 3 |  3.9
Fighting       | 4 5 |  5.4
Throwing       | 1 2 3 |  3.3
Polearms       | |  1.7
Stealth        | |  4.5

Action                   |  1- 3 |  4- 6 |  7- 9 || total
-------------------------+-------+-------+-------++-------
Melee: Spear             |    78 |    40 |       ||   118
       Punch             |     2 |     1 |     1 ||     4
       Trident           |       |   101 |    94 ||   195
Throw: Javelin           |       |     5 |       ||     5
       Boomerang         |       |       |     7 ||     7
       Throwing net      |       |       |     2 ||     2
Evoke: Wand              |       |     1 |       ||     1
  Use: Potion            |     1 |     1 |     5 ||     7
 Stab: Distracted        |     1 |       |       ||     1
       Sleeping          |       |     3 |       ||     3
Armor: Chain mail        |    17 |     7 |       ||    24
       Scale mail        |       |    35 |    37 ||    72
Dodge: Dodged            |    21 |    47 |    52 ||   120

Table legend: (Time is in decaauts)
 A = Elapsed time spent in this place.
 B = Non-inter-level travel time spent in this place.
 C = Inter-level travel time spent in this place.
 D = Time resting spent in this place.
 E = Time spent auto-exploring this place.
 F = Levels seen in this place.
 G = Mean time per level.
                   A        B        C        D        E       F      G
               +--------+--------+--------+--------+--------+-----+--------+
         Total |   7293 |   7064 |    229 |    348 |   5877 |   7 | 1041.9 |
       Dungeon |   7293 |   7064 |    229 |    348 |   5877 |   7 | 1041.9 |
               +--------+--------+--------+--------+--------+-----+--------+

Top non-repeatable levels by time:
     D:4: 1808 daAuts
     D:2: 1338 daAuts
     D:5: 1190 daAuts
     D:3: 1140 daAuts
     D:6: 1058 daAuts
     D:1: 713 daAuts
     D:7: 44 daAuts
